Map: Ruby Rock LE

Players

pershow - Winner!

  • Race: Terran Terran
  • League: Platinum
  • Spawn Location: 11:00

SCIInewby

  • Race: Zerg Zerg
  • League: Master
  • Spawn Location: 5:00

VOD

Have the link to the VOD?

Description

Time

  • Played on: Feb. 5, 2026, 7:52 p.m.
  • Length: 5:22
Show
View Real Time Build Order
Export as new Build Order

pershow Terran - Winner!

Build Orders: 1/1/1, Liberator Opening 

Get SALT Encoding   

  12  0:00  SCV  
  13  0:12  SCV  
  14  0:17  Supply Depot  
  14  0:24  SCV  
  14  0:27  Refinery  
  15  0:39  SCV  
  16  0:44  Barracks  
  16  0:51  SCV  
  17  1:03  SCV  
  18  1:16  SCV  
  19  1:28  SCV  
  19  1:32  Factory  
  20  1:35  Marine  
  21  1:48  Command Center  
  21  1:55  Barracks Reactor  
  21  2:02  Supply Depot  
  21  2:03  Refinery  
  21  2:08  SCV  
  22  2:20  SCV  
  23  2:25  Starport  
  23  2:39  Hellion x2  
  23  2:42  Reaper  
  28  3:02  Liberator  
  28  3:04  Hellion  
  33  3:20  Barracks Tech Lab  
  33  3:23  Hellion  
  33  3:25  Hellion  
  37  3:44  Hellion  
  39  3:50  Barracks Tech Lab  
  39  3:52  Orbital Command  
  39  3:57  Cloaking Field  
  39  3:59  Banshee  
  42  4:03  SCV  
  43  4:15  SCV  
  44  4:22  SCV  
  44  4:25  Hellion  
  46  4:33  SCV  
  46  4:35  SCV  
  45  4:52  SCV  
  46  4:59  SCV  
  45  5:04  SCV  
Show
View Real Time Build Order
Export as new Build Order

SCIInewby Zerg 

Build Orders: Hatch First 

Get SALT Encoding   

  12  0:09  Drone x2  
  14  0:19  Extractor, Drone  
  15  0:26  Overlord  
  15  0:45  Hatchery  
  14  0:50  Drone  
  14  0:51  Drone  
  16  0:57  Drone  
  16  1:02  Extractor  
  16  1:07  Drone  
  17  1:18  Spawning Pool  
  16  1:20  Drone  
  17  1:27  Drone  
  18  1:37  Drone  
  19  1:46  Drone, Evolution Chamber  
  19  1:56  Drone  
  19  2:00  Drone  
  21  2:06  Queen  
  23  2:10  Queen  
  23  2:13  Drone  
  26  2:20  Zerg Missile Weapons Level 1  
  26  2:23  Drone  
  27  2:33  Spine Crawler, Drone  
  27  2:37  Overlord  
  27  2:40  Drone  
  28  2:46  Extractor, Drone  
  28  2:56  Extractor  
  28  2:57  Extractor  
  26  3:00  Roach Warren  
  26  3:01  Drone  
  26  3:02  Drone  
  27  3:06  Drone  
  27  3:10  Drone  
  29  3:26  Overlord  
  29  3:32  Zergling x2  
  29  3:33  Zergling x6  
  33  3:39  Drone x2  
  33  3:40  Drone  
  36  3:48  Lair  
  36  3:52  Drone x2  
  31  4:38  Zergling x2  
  23  4:39  Zergling x22  
  33  4:51  Drone  
  33  4:52  Drone x2  
  29  4:55  Drone  
  9  5:07  Drone  
Tags
 
Add a new tag
Caveats
  • Supply blocks, unpowered buildings, or Contaminate may cause inaccurate times.
  • Supply counts are checked every 10 seconds.